 Dungeon Crawl Stone Soup version 0.17-a0-227-gf5308cc (webtiles) character file.

793 Pikaro the Slicer (level 7, 0/45 HPs)
             Began as an Octopode Assassin on Mar 29, 2015.
             Slain by a centaur
             ... wielding a cursed -3 shortbow
              (3 damage)
             ... on level 5 of the Dungeon.
             The game lasted 00:10:28 (4762 turns).

Pikaro the Slicer (Octopode Assassin)               Turns: 4762, Time: 00:10:28

Health: 0/45       AC:  6    Str: 10    XL:     7   Next: 88%
Magic:  7/7        EV: 12    Int: 14    God:
Gold:   171        SH:  0    Dex: 15    Spells: 1 memorised, 3 levels left

rFire  . . .     SeeInvis .     d - +0 dagger (protect)
rCold  + . .     Clarity  .     (no shield)
rNeg   . . .     SustAb   .     (helmet restricted)
rPois  .         Gourm    .     (no amulet)
rElec  .         Spirit   .     y - ring of protection from cold {rC+, !d}
rCorr  .         Warding  .     (no ring)
rMut   .         Stasis   .     (no ring)
MR     .....                    (no ring)
Stlth  ++++......               (no ring)
                                (no ring)
                                (no ring)
                                (no ring)

@: hasted, very quick, not resistant to hostile enchantments, stealthy
A: almost no armour, amphibious, 8 rings, constrict 8, camouflage 1, gelatinous
body 1
a: no special abilities


You were on level 5 of the Dungeon.
You were not hungry.

You visited 2 branches of the dungeon, and saw 6 of its levels.

You collected 171 gold pieces.

Inventory:

Hand weapons
 a - a +2 dagger
 b - a +0 blowgun
 d - a +0 dagger of protection (weapon)
   (You took it off a goblin on level 1 of the Dungeon)
Missiles
 e - 3 poisoned needles
Armour
 G - a +0 buckler
   (You found it on level 3 of the Dungeon)
Jewellery
 m - an uncursed amulet of stasis {Stasis, !d}
   (You found it on level 1 of the Dungeon)
 y - a ring of protection from cold (left tentacle) {rC+, !d}
   (You found it on level 2 of the Dungeon)
 F - an uncursed ring of ice {rC+, rF-}
   (You found it on level 3 of the Dungeon)
Magical devices
 r - a wand of frost (19)
   (You found it on level 2 of the Dungeon)
Scrolls
 h - 4 scrolls of amnesia {unknown}
 j - 6 scrolls of identify {unknown}
 l - a scroll of blinking {unknown}
 t - a scroll of enchant weapon {unknown}
 x - a scroll of magic mapping {unknown}
 z - 3 scrolls of teleportation {unknown}
 B - 2 scrolls of fog {unknown}
 D - a scroll of remove curse {unknown}
 I - a scroll of noise {unknown}
 J - a scroll of fear {unknown}
 K - a scroll of immolation {unknown}
Potions
 i - a potion of brilliance {unknown}
 o - a potion of resistance {unknown}
 p - a potion of invisibility {unknown}
 q - a potion of magic {unknown}
 s - a potion of beneficial mutation {unknown}
 u - a potion of poison {unknown}
 v - a potion of degeneration {unknown}
 C - a potion of haste
 L - a potion of heal wounds {unknown}
Books
 w - a book of Burglary
   (You found it on level 2 of the Dungeon)
Comestibles
 c - 2 beef jerkies
 g - 4 bread rations
 k - a chunk of flesh
 n - a royal jelly
 A - a slice of pizza
 E - 3 fruits


   Skills:
 - Level 2.0 Fighting
 + Level 8.8 Short Blades
 - Level 2.0 Throwing
 - Level 1.0 Dodging
 - Level 5.3 Stealth


You had 3 spell levels left.
You knew the following spells:

 Your Spells              Type           Power        Failure   Level  Hunger
A - Passwall              Trmt/Erth      #.........   83%         3    ####...


Dungeon Overview and Level Annotations

Branches:
Dungeon (5/15)             Temple (1/1) D:4

Altars:
Cheibriados
Elyvilon
Fedhas
Gozag
Kikubaaqudgha
Makhleb
Okawaru
Qazlal
Ru
Sif Muna
Trog
Vehumet
Yredelemnul
Zin
The Shining One


Innate Abilities, Weirdness & Mutations

You cannot wear most types of armour.
You are amphibious.
You can wear up to eight rings at the same time.
You can use your tentacles to constrict many enemies at once.
Your skin changes colour to match your surroundings (Stealth).
Your rubbery body absorbs attacks (AC +1).


Message History

a giant club; an ogre corpse Wield which item (- for none, * to show all)? (? for menu, Esc to quit)
You feel protected!
d - a +0 dagger of protection (weapon)
The orc shouts!
A hound comes into view.
A centaur comes into view.
The orc barely misses you. The orc completely misses you.
You closely miss the orc.
The hound barks!
The orc shouts!
Your grab misses the orc. The orc hits you with a whip.
The orc hits you but does no damage.
You take 5 damage, and have 40/45 hp.
You hit the orc. You grab the orc. You squeeze the orc.
You kill the orc!
You completely miss the hound. You grab the hound. You squeeze the hound.
You constrict the hound, but do no damage.
The orc barely misses you.
You hit the hound. You constrict the hound. The hound misses you.
You hit the hound. You constrict the hound.
The hound bites you but does no damage. The orc hits you with a trident.
You take 5 damage, and have 35/45 hp.
You hit the hound. You constrict the hound. The hound misses you.
You hit the hound but do no damage. Your squeeze misses the hound.
You constrict the hound. The hound bites you but does no damage.
The orc hits you but does no damage.
You hit the orc but do no damage. You grab the orc. You constrict the hound.
You constrict the orc. The hound completely misses you.
You barely miss the orc. You constrict the hound.
You kill the hound!
You constrict the orc.
The centaur wields a shortbow.
The centaur shoots an arrow.
The arrow hits you but does no damage. The orc hits you with a trident.
You take 3 damage, and have 32/45 hp.
You completely miss the orc. You constrict the orc.
You hit the orc but do no damage. You grab the orc. You constrict the orc.
You constrict the orc. You completely miss the orc. You squeeze the orc.
You kill the orc!
You constrict the orc. The orc hits you but does no damage.
The centaur shoots an arrow.
The arrow hits you.
You take 5 damage, and have 27/45 hp.
You release your grip on the orc.
A hound comes into view.
The centaur hits you with a shortbow.
The hound barks!
The orc barely misses you.
Items here: )) [ † a short sword; a leather armour; a whip; a hound corpse You take 4 damage, and have 23/45 hp.
You closely miss the orc. You grab the orc. You constrict the orc.
The centaur hits you but does no damage.
You closely miss the centaur. Your squeeze misses the centaur.
You constrict the orc.
You kill the orc!
The centaur hits you with a shortbow.
You take 4 damage, and have 19/45 hp.
HP below 50%!
Wield which item (- for none, * to show all)? (? for menu, Esc to quit)
You feel less protected.
b - a +0 blowgun (weapon)
Quiver which item? (- for none, * to show all) (? for menu, Esc to quit)
Quivering
f - a curare-tipped needle for blowguns.
Aim: a centaur, wielding a shortbow You shoot a curare-tipped needle.
The curare-tipped needle barely misses the centaur.
The curare-tipped needle hits the hound.
The hound is poisoned.
The hound convulses.
The hound seems to slow down.
The centaur hits you with a shortbow. x2
You take 5 damage, and have 14/45 hp.
Aim: a centaur, wielding a shortbow You shoot a poisoned needle.
The poisoned needle hits the centaur!
The centaur is poisoned.
The centaur barely misses you.
Aim: a centaur, wielding a shortbow (poisoned)
You shoot a poisoned needle. The poisoned needle hits the centaur!
The centaur looks even sicker.
The centaur misses you.
Aim: a centaur, wielding a shortbow (lightly wounded, poisoned)
You shoot a poisoned needle.
The poisoned needle closely misses the centaur.
The poisoned needle hits the hound!
The hound looks even sicker.
The centaur hits you with a shortbow.
* * * LOW HITPOINT WARNING * * *
You take 6 damage, and have 8/45 hp.
HP below 25%!
Drink which item? (? for menu, Esc to quit)
Okay, then.
Wield which item (- for none, * to show all)? (? for menu, Esc to quit)
You feel protected!
d - a +0 dagger of protection (weapon)
The centaur hits you with a shortbow.
* * * LOW HITPOINT WARNING * * *
The hound barely misses you.
You take 4 damage, and have 4/45 hp.
You hit the centaur but do no damage. The centaur hits you with a shortbow.
* * * LOW HITPOINT WARNING * * *
You take 2 damage, and have 2/45 hp.
Drink which item? (? for menu, Esc to quit)
It was a potion of haste.
You feel yourself speed up.
You kill the hound!
The centaur hits you with a shortbow.
You die...

#### # . ..##########.
####..######.#...........
...(>.(c@(...............
<...#...)###.?...........
#....#.#......###....
#......#.......##....
#.####.#.....#.##....
....#.#.#.<#.#.....#.##....
.....((.†............).....
....#.#.#<...#.....#..###.#
...#.#....######.# .#


You could see a centaur.

Vanquished Creatures
  The ghost of tsouns the Skirmisher, an average OpBe of Trog (D:4)
  2 ogres
  A scorpion (D:4)
  4 hounds
  An iguana (D:4)
  An orc priest (D:4)
  2 worker ants (D:4)
  3 gnolls (D:4)
  3 adders
  A worm (D:2)
  6 giant geckos
  13 orcs
  A bat skeleton (D:4)
  4 giant cockroaches
  5 hobgoblins
  6 jackals
  A quokka (D:3)
  12 bats
  4 giant newts
  13 goblins
  8 kobolds
  7 rats
99 creatures vanquished.

Notes
Turn   | Place    | Note
--------------------------------------------------------------
     0 | D:1      | Pikaro, the Octopode Assassin, began the quest for the Orb.
     0 | D:1      | Reached XP level 1. HP: 14/14 MP: 1/1
    47 | D:1      | HP: 3/14 [bat (1)]
   359 | D:1      | Reached XP level 2. HP: 19/19 MP: 2/2
   503 | D:1      | Reached skill level 3 in Short Blades
   594 | D:1      | Reached XP level 3. HP: 24/24 MP: 3/3
   884 | D:2      | Found a sacrificial altar of Ru.
   938 | D:2      | Reached skill level 4 in Short Blades
  1038 | D:2      | Found an iron altar of Okawaru.
  1040 | D:2      | Reached XP level 4. HP: 29/29 MP: 4/4
  1104 | D:2      | Learned a level 3 spell: Passwall
  2427 | D:4      | You fall through a shaft!
  2427 | D:5      | Entered Level 5 of the Dungeon
  2451 | D:4      | Reached skill level 5 in Short Blades
  2451 | D:4      | Reached XP level 5. HP: 14/34 MP: 5/5
  2476 | D:4      | HP: 8/34 [poisoned by a scorpion]
  2737 | D:4      | HP: 5/34 [gnoll/club (5)]
  3025 | D:4      | Noticed an ogre
  3038 | D:4      | HP: 8/34 [ogre/giant club (26)]
  3057 | D:4      | Killed an ogre
  3057 | D:4      | Reached skill level 6 in Short Blades
  3057 | D:4      | Reached XP level 6. HP: 11/39 MP: 6/6
  3448 | D:4      | Found a deep blue altar of Sif Muna.
  3714 | D:4      | Noticed tsouns' ghost (average OpBe)
  3732 | D:4      | Reached skill level 7 in Short Blades
  3796 | D:4      | HP: 7/39 [tsouns' ghost (8)]
  3824 | D:4      | HP: 14/58 [tsouns' ghost (3)]
  3856 | D:4      | Killed tsouns' ghost
  3856 | D:4      | Reached XP level 7. HP: 18/45 MP: 7/7
  4093 | D:4      | Found a staircase to the Ecumenical Temple.
  4103 | Temple   | Entered the Ecumenical Temple
  4275 | D:4      | Reached skill level 8 in Short Blades
  4698 | D:5      | Noticed an ogre
  4722 | D:5      | Killed an ogre
  4738 | D:5      | Noticed a centaur
  4759 | D:5      | HP: 8/45 [centaur/shortbow (6)]
  4761 | D:5      | HP: 2/45 [centaur/shortbow (2)]
  4762 | D:5      | Slain by a centaur

Action                   |  1- 3 |  4- 6 |  7- 9 || total
-------------------------+-------+-------+-------++-------
Melee: Dagger            |    82 |   262 |    53 ||   397
 Fire: Blowgun           |     3 |     9 |     6 ||    18
  Use: Potion            |       |     6 |     1 ||     7
 Stab: Sleeping          |     7 |     8 |     1 ||    16
  Eat: Chunk             |       |     8 |     4 ||    12

Vault maps used:
D:1:      dpeg_arrival_tiny_a
D:2:      nicolae_overflow_crystal_walls, okawaru_ov_weapons_minmay,
          kennysheep_generic_room_14
D:3:      serial_glass, glass_columns_a, glass_columns_b, glass_columns_b,
          glass_columns_b, glass_columns_a, glass_columns_c, glass_columns_c,
          glass_columns_b
D:4:      lemuel_crystal_altar, minmay_temple_entry_large_hall, first_bread
D:5:      kennysheep_mini_moat, serial_park_tiny_2
Temple:   circular_temple_12

Table legend:
 A = Turns spent in this place as a percentage of turns spent in the entire game.
 B = Non-inter-level travel turns spent in this place as a percentage of non-inter-level travel turns spent in the entire game.
 C = Inter-level travel turns spent in this place as a percentage of turns spent in this place.
 D = Turns resting spent in this place as a percentage of non-inter-level travel turns spent in this place.
 E = Turns spent auto-exploring this place as a percentage of non-inter-level travel turns spent in this place.
 F = Non-inter-level travel turns spent in this place divided by the number of levels of this place that you've seen.
                   A       B       C       D       E      F
               +-------+-------+-------+-------+-------+----------------------
         Total | 100.0 | 100.0 |   0.5 |   4.5 |   8.6 | 198.8
       Dungeon |  96.8 |  96.8 |   0.5 |   4.7 |   7.9 | 231.0
        Temple |   3.2 |   3.2 |   0.0 |   0.0 |  31.6 |  38.0
               +-------+-------+-------+-------+-------+----------------------

Table legend:
 A = Kills in this place as a percentage of kills in entire the game.
 B = Kills by you in this place as a percentage of kills by you in the entire game.
 C = Kills by friends in this place as a percentage of kills by friends in the entire game.
 D = Other kills in this place as a percentage of other kills in the entire game.
 E = Experience gained in this place as a percentage of experience gained in the entire game.
 F = Experience gained in this place divided by the number of levels of this place that you have seen.
                   A       B       C       D       E      F
               +-------+-------+-------+-------+-------+----------------------
         Total | 100.0 | 100.0 |  -nan |  -nan | 100.0 | 189.0
       Dungeon | 100.0 | 100.0 |  -nan |  -nan | 100.0 | 226.8
               +-------+-------+-------+-------+-------+----------------------
